Map: World of Sleepers LE

Players

Ratl - Winner!

  • Race: Zerg Zerg
  • Spawn Location: 1:00

VOD

Have the link to the VOD?

Description

Time

  • Played on: Oct. 28, 2019, 4:11 p.m.
  • Length: 13:36
Show
View Real Time Build Order
Export as new Build Order

Ratl Zerg - Winner!

Build Orders:  

Get SALT Encoding   

  12  0:05  Drone  
  13  0:20  Overlord  
  13  0:25  Drone  
  14  0:46  Overlord  
  14  1:04  Drone  
  14  1:05  Drone  
  16  1:22  Drone  
  17  1:32  Spawning Pool  
  17  1:38  Drone x2  
  18  1:46  Extractor  
  17  1:55  Drone  
  18  2:12  Extractor  
  18  2:16  Drone  
  18  2:28  Drone  
  19  2:40  Queen  
  19  2:41  Evolution Chamber  
  19  2:46  Drone  
  21  2:57  Drone  
  22  3:10  Overlord  
  22  3:29  Zergling x2  
  23  3:48  Zergling x2  
  24  3:58  Drone  
  25  4:07  Drone  
  26  4:30  Lair  
  26  4:38  Zergling x6  
  26  4:39  Zergling x2  
  30  5:05  Hatchery  
  28  5:16  Drone x2  
  30  5:31  Drone x2  
  30  5:32  Overlord  
  30  5:34  Overlord  
  32  5:47  Roach Warren  
  31  5:54  Baneling Nest  
  30  6:13  Extractor  
  29  6:20  Pneumatized Carapace  
  29  6:23  Zergling x10  
  34  6:50  Hydralisk Den  
  34  6:55  Overseer  
  34  6:56  Overseer x2  
  33  7:09  Drone x2  
  35  7:10  Queen  
  37  7:28  Roach  
  37  7:29  Zergling x2, Roach x2  
  44  7:30  Zergling x4  
  44  7:34  Overseer  
  44  7:39  Drone x2  
  48  7:50  Zerg Melee Weapons Level 1  
  48  8:05  Hydralisk  
  50  8:13  Drone x2  
  52  8:35  Hydralisk x2  
  52  8:39  Zergling x4  
  58  9:28  Hydralisk  
  60  9:33  Overlord x2  
  60  9:43  Hatchery  
  59  9:51  Extractor  
  58  10:05  Drone x4  
  58  10:06  Drone x5  
  63  10:30  Zerg Missile Weapons Level 1  
  63  10:41  Glial Reconstitution  
  63  11:28  Metabolic Boost  
  61  12:14  Unknown  
Tags
 
Add a new tag
Caveats
  • Supply blocks, unpowered buildings, or Contaminate may cause inaccurate times.
  • Supply counts are checked every 10 seconds.